 Dungeon Crawl Stone Soup version 0.24-a0-22-g2a401c0 (webtiles) character file.

Game seed: 12805267372214831839

1316 ohad the Basher (level 8, 0/78 HPs)
             Began as an Ogre Berserker on Feb 1, 2019.
             Was a Priest of Trog.
             Slain by an iguana (7 damage)
             ... on level 5 of the Dungeon.
             The game lasted 00:20:19 (7143 turns).

ohad the Basher (Ogre Berserker)                    Turns: 7143, Time: 00:20:19

Health: 0/78       AC:  4    Str: 22      XL:     8   Next: 59%
Magic:  8/8        EV: 12    Int:  8      God:    Trog [***...]
Gold:   249        SH:  0    Dex:  8 (10) Spells: 7/7 levels left

rFire    . . .     SeeInvis .   t - +0 flail
rCold    . . .     Gourm    .   (no shield)
rNeg     . . .     Faith    .   b - +1 animal skin
rPois    .         Spirit   .   (helmet restricted)
rElec    .         Reflect  .   (no cloak)
rCorr    .         Harm     .   (gloves unavailable)
MR       ++...                  (boots unavailable)
Stlth    ..........             d - amulet of the acrobat
HPRegen  1.23/turn              z - ring of attention (curse)
MPRegen  0.11/turn              (no ring)

@: regenerating
A: large, unfitting armour, tough skin 1
a: Berserk, Trog's Hand, Renounce Religion


You were on level 5 of the Dungeon.
You worshipped Trog.
Trog was most pleased with you.
You were hungry.

You visited 1 branch of the dungeon, and saw 5 of its levels.
You also visited: Sewer.

You collected 249 gold pieces.

Inventory:

Hand Weapons
 a - a +0 mace
 m - a cursed -1 hand axe
 s - a +0 giant spiked club
 t - a +0 flail (weapon)
 x - a +0 whip of freezing
Missiles
 j - 21 poisoned needles
 u - 8 tomahawks (quivered)
 C - 4 tomahawks of dispersal
Armour
 b - a +1 animal skin (worn)
Jewellery
 d - an amulet of the acrobat (around neck)
 n - an uncursed ring of fire
 z - a cursed ring of attention (left hand)
Wands
 e - a wand of clouds (4)
 k - a wand of paralysis (10)
Scrolls
 g - 4 scrolls of teleportation
 i - 2 scrolls of identify
 l - a scroll of blinking {unknown}
 o - a scroll of magic mapping
 y - a scroll of fear {unknown}
 A - 2 scrolls of remove curse {unknown}
Potions
 f - a potion of berserk rage {unknown}
 h - 5 potions of heal wounds
 p - a potion of cancellation {unknown}
 q - 6 potions of curing
 r - 2 potions of flight {unknown}
 v - a potion of degeneration {unknown}
 w - 2 potions of haste {unknown}
Comestibles
 c - 5 rations
 B - 3 chunks of flesh


   Skills:
 - Level 4.0 Fighting
 + Level 8.0 Maces & Flails
 + Level 6.1 Dodging


You had 7 spell levels left.
You didn't know any spells.
Your spell library was empty.

Dungeon Overview and Level Annotations

Branches:
Dungeon (5/15)             Temple (0/1) D:5

Altars:
Dithmenos
The Shining One


Innate Abilities, Weirdness & Mutations

You are too large for most types of armour.
You have tough skin. (AC +1)


Message History

The iguana bites you.
You thump the iguana!
The iguana is heavily wounded.
The iguana bites you!
You closely miss the iguana.
The iguana is heavily wounded.
The iguana bites you.
You completely miss the iguana.
The iguana is heavily wounded.
The iguana bites you!
* * * LOW HITPOINT WARNING * * *
You hit the iguana.
The iguana is severely wounded.
The iguana bites you!
* * * LOW HITPOINT WARNING * * *
Your skin crawls.
You feel resistant to hostile enchantments.
You are feeling hungry.
The iguana bites you!
You die...

..#.......#..#........##.........
..#....#....##......>.##.........
.....####...#.^#.......##.......#
.......###.....##..........#.....
...#....##.))........###..##.....
..##..#...#............##........
..#...###.......##...#....##.....
.....## ##......#....##..........
.....# #...#...@...###.......###
.....####..>#..l.##.###.......###
...#....#.......###..##.#.##.....
...#.......##.#...#.....####.##..
..####.....####......#...###.#...
..######.÷....#..######...⌠......
..##............## ###.......#..
....#..........## ###...⌠.>.⌠.#..
..............## ##..............


You could see an iguana.

Vanquished Creatures
  Grinder (Sewer)
  A phantom (D:4)
  An ogre (D:3)
  A big kobold (Sewer)
  A bullfrog (D:5)
  A scorpion (D:4)
  A howler monkey (D:4)
  A crimson imp (D:5)
  A centaur skeleton (D:4)
  2 quasits (Sewer)
  3 hounds
  A bullfrog skeleton (D:3)
  A jelly (D:5)
  4 orc wizards
  3 worker ants
  3 big kobold zombies (Sewer)
  A worker ant zombie (D:5)
  3 gnolls (D:5)
  8 adders
  3 shadow imps (Sewer)
  2 ufetubi (Sewer)
  A worm (D:2)
  4 dart slugs
  3 leopard geckos
  21 orcs
  4 ball pythons
  9 bats
  7 giant cockroaches
  5 goblins
  2 hobgoblins (D:2)
  2 jackals (D:4)
  20 kobolds
  2 quokkas
  2 frilled lizards (D:2)
  A kobold zombie (Sewer)
  A leopard gecko zombie (D:5)
  A quokka skeleton (D:4)
  10 rats
138 creatures vanquished.

Notes
Turn   | Place    | Note
-------+----------+-------------------------------------------
     0 | D:1      | ohad the Ogre Berserker began the quest for the Orb.
     0 | D:1      | Reached XP level 1. HP: 24/24 MP: 1/1
   137 | D:1      | Reached skill level 3 in Maces & Flails
   170 | D:1      | Reached XP level 2. HP: 20/32 MP: 2/2
   948 | D:2      | Reached XP level 3. HP: 33/39 MP: 3/3
  1535 | D:2      | Reached skill level 4 in Maces & Flails
  1553 | D:2      | Reached XP level 4. HP: 27/48 MP: 4/4
  2718 | D:3      | Reached ** piety under Trog
  2757 | D:3      | Noticed an ogre
  2765 | D:3      | Killed an ogre
  2765 | D:3      | Reached skill level 5 in Maces & Flails
  2765 | D:3      | Reached XP level 5. HP: 54/54 MP: 5/5
  3344 | D:3      | Reached XP level 6. HP: 54/62 MP: 6/6
  3387 | D:3      | Found a shadowy altar of Dithmenos.
  3859 | D:4      | Noticed a phantom
  3877 | D:4      | Killed a phantom
  3976 | D:4      | Reached skill level 6 in Maces & Flails
  3976 | D:4      | Reached XP level 7. HP: 65/70 MP: 7/7
  4747 | D:5      | Entered Level 5 of the Dungeon
  4791 | D:5      | Found a staircase to the Ecumenical Temple.
  4792 | D:5      | Noticed a hungry ghost
  5030 | D:5      | Found a glowing drain.
  5034 | Sewer    | Entered a sewer
  5204 | Sewer    | Reached skill level 7 in Maces & Flails
  5274 | Sewer    | Reached *** piety under Trog
  5283 | Sewer    | Reached skill level 5 in Dodging
  5434 | Sewer    | Reached XP level 8. HP: 41/78 MP: 8/8
  5652 | Sewer    | Found a burning altar of Makhleb.
  5800 | Sewer    | Noticed Grinder
  5838 | Sewer    | Paralysed by Grinder for 7 turns
  5858 | Sewer    | Killed Grinder
  6352 | D:5      | Found a glowing golden altar of the Shining One.
  6944 | D:4      | Reached skill level 8 in Maces & Flails
  7143 | D:5      | Slain by an iguana

Vault maps used:
D:1:      dpeg_arrival_orchard, minmay_liquid_box, serial_bayou_lagoon_a,
          minivault_11
D:3:      roderic_serpentine_path, grunt_dithmenos_smoke
D:5:      tso_metal_star, temple_fountains, gup_sewer_entry_bowl, first_ration,
          minmay_misc_feat_tiny, nemelex_spade_bored_becter
Sewer:    kennysheep_sewer_church

Skill      XL: |  1  2  3  4  5  6  7  8 |
---------------+-------------------------+-----
Maces & Flails | 3 4 5 6 7 8 |  8.0
Dodging        | 3 4 5 6 |  6.1
Fighting       | |  4.0

Action                   |  1- 3 |  4- 6 |  7- 9 || total
-------------------------+-------+-------+-------++-------
Melee: Mace              |   116 |   107 |       ||   223
       Flail             |       |    48 |   355 ||   403
       Giant spiked club |       |     8 |       ||     8
Throw: Tomahawk          |       |       |     3 ||     3
Invok: Berserk           |     1 |     2 |     3 ||     6
       Trog's Hand       |       |       |     3 ||     3
  Use: Scroll            |       |     1 |     5 ||     6
 Stab: Sleeping          |       |     1 |       ||     1
  Eat: Chunk             |     2 |    11 |    10 ||    23
       Ration            |       |       |     1 ||     1
Armor: Animal skin       |    46 |    31 |   114 ||   191
Dodge: Dodged            |    64 |   110 |   300 ||   474

Table legend:
 A = Non-vault XP
 B = Vault XP
 C = Vault XP percentage of total XP
 D = Non-vault monster count
 E = Vault monster count
 F = Vault count percentage of total count
                 A         B        C        D         E       F
            +---------+---------+-------+---------+---------+-------
      Total |    1348 |     533 |  28.3 |     102 |      36 |  26.1
            +---------+---------+-------+---------+---------+-------
        D:1 |      23 |       0 |   0.0 |      11 |       0 |   0.0
        D:2 |      89 |       0 |   0.0 |      30 |       0 |   0.0
        D:3 |     213 |       0 |   0.0 |      14 |       0 |   0.0
        D:4 |     548 |       0 |   0.0 |      26 |       0 |   0.0
        D:5 |     475 |       3 |   0.6 |      21 |       2 |   8.7
      Sewer |       0 |     530 | 100.0 |       0 |      34 | 100.0
            +---------+---------+-------+---------+---------+-------
